 Dungeon Crawl Stone Soup version 0.28-a0-769-g550dbda0cd (webtiles) character file.

Game seed: 10178255071394373816

17542 funkygono the Arsonist (level 12, -21/61 HPs)
             Began as a Gargoyle Fire Elementalist on Nov 1, 2021.
             Was an Elder of Vehumet.
             Killed from afar by a frost giant (42 damage)
             ... with a bolt of cold
             ... in an ice cave.
             The game lasted 00:31:35 (14933 turns).

funkygono the Arsonist (GrFE)                      Turns: 14933, Time: 00:31:36

Health: -21/61     AC: 24    Str: 12    XL:     12   Next: 49%
Magic:  1/27       EV: 10    Int: 21    God:    Vehumet [****..]
Gold:   471        SH: 14    Dex: 12    Spells: 14/34 levels left

rFire   . . .      SeeInvis .   p - +5 flail (protect)
rCold   . . .      Faith    .   G - +1 kite shield
rNeg    + + .      Spirit   .   I - +2 robe {Archmagi}
rPois   ∞          Reflect  +   f - +1 helmet
rElec   +          Harm     .   (no cloak)
rCorr   .          Rampage  .   s - +1 pair of gloves
Will    .....      Archmagi +   (no boots)
Stlth   ++........              m - amulet of reflection
HPRegen 0.20/turn               b - ring of wizardry
MPRegen 0.20/turn               D - ring "Alufuth" {rN+ Dex+2}

@: under a protective aura, studying Short Blades
A: sickness immunity, AC +8, negative energy resistance 1, electricity
resistance, torment resistance 1, petrification resistance
a: Renounce Religion


You were in an ice cave.
You worshipped Vehumet.
Vehumet was greatly pleased with you.
You visited 2 branches of the dungeon, and saw 11 of its levels.
You also visited: Ice Cave.

You collected 561 gold pieces.
You spent 90 gold pieces at shops.

Inventory:

Hand Weapons
 p - a +5 flail of protection (weapon)
Armour
 f - a +1 helmet (worn)
 g - a +1 leather armour of resistance
 s - a +1 pair of gloves (worn)
 t - a +3 leather armour
 G - a +1 kite shield (worn)
 I - a +2 robe of the Archmagi (worn)
Jewellery
 b - a ring of wizardry (left hand)
 j - a ring of protection from cold
 m - an amulet of reflection (around neck)
 D - the ring "Alufuth" (right hand) {rN+ Dex+2}
   (You took it off a gnoll on level 8 of the Dungeon)

   [ring of positive energy]

   Dex:       It affects your dexterity (+2).
   rN:        It protects you from negative energy.
Wands
 e - a wand of iceblast (5)
 v - a wand of mindburst (30)
 B - a wand of flame (43)
 C - a wand of charming (8)
 E - a wand of acid (9)
Scrolls
 c - 7 scrolls of identify
 d - a scroll of acquirement {unknown}
 k - 2 scrolls of teleportation
 w - a scroll of amnesia
 x - 2 scrolls of fog
 L - a scroll of summoning
Potions
 a - a potion of haste {unknown}
 i - 2 potions of lignification
 l - 3 potions of attraction
 n - 2 potions of magic
 q - a potion of cancellation
 r - 2 potions of curing


   Skills:
 + Level 1.4 Fighting
 + Level 1.5 Maces & Flails
 + Level 2.2 Armour
 + Level 3.1 Dodging
 - Level 2.1 Stealth
 + Level 3.3 Shields
 * Level 11.9 Spellcasting
 * Level 9.4 Conjurations
 * Level 12.3 Fire Magic
 + Level 0.1 Poison Magic


You had 14 spell levels left.
You knew the following spells:

 Your Spells              Type           Power      Damage    Failure   Level
a - Foxfire               Conj/Fire      100%       2x1d9     1%          1
b - Scorch                Fire           100%       2d10      1%          2
c - Conjure Flame         Conj/Fire      72%        6-21      1%          3
d - Flame Wave            Conj/Fire      72%        3d12      1%          4
e - Shock                 Conj/Air       100%       1d9       1%          1
f - Searing Ray           Conj           100%       2d8       1%          2
g - Mephitic Cloud        Conj/Pois/Air  38%        N/A       2%          3
h - Sticky Flame          Conj/Fire      72%        2d9       1%          4

Your spell library contained the following spells:

 Spells                   Type           Power      Damage    Failure   Level
 Lightning Bolt           Conj/Air       24%        1d39      11%         5
 Inner Flame              Hex/Fire       55%        N/A       1%          3
 Ensorcelled Hibernation  Hex/Ice        36%        N/A       16%         2
 Passwall                 Tmut/Erth      15%        N/A       16%         2
 Swiftness                Air            18%        N/A       28%         3
 Tukima's Dance           Hex            18%        N/A       28%         3
 Cause Fear               Hex            9%         N/A       65%         4
 Summon Forest            Summ/Tloc      9%         N/A       92%         5
 Eringya's Noxious Bog    Tmut/Pois      9%         N/A       94%         6
 Invisibility             Hex            9%         N/A       100%        6
 Dragon Form              Tmut           9%         N/A       100%        7
 Summon Hydra             Summ           9%         N/A       100%        7
 Dragon's Call            Summ           9%         N/A       100%        9


Dungeon Overview and Level Annotations

Branches:
Dungeon (10/15)            Temple (0/1) D:5            Lair (1/6) D:10
  IceCv (1/1)
    Orc: D:9-12

Altars:
Nemelex Xobeh
Vehumet
Yredelemnul
Zin
The Shining One

Shops:
D:2 ?   D:4 :

Annotations:
D:6 3 runed translucent doors, t4s4d4r's ghost, novice OgHu


Innate Abilities, Weirdness & Mutations

You are immune to sickness and miasma.
Your stone body is resilient. (AC +8)
You are immune to poison.
You resist negative energy. (rN+)
You are resistant to electric shocks. (rElec)
You are resistant to unholy torment.
You are immune to petrification.


Message History

* * * LOW HITPOINT WARNING * * *
A wave of flame ripples out!
The flame wave engulfs the frost giant!!
The frost giant is heavily wounded.
The flame wave engulfs the polar bear!
The polar bear is severely wounded.
The frost giant misses you.
Unknown command.
You feel much better. You block the frost giant's attack.
Casting: Flame Wave (safe; 1% risk of failure)
Confirm with . or Enter, or press ? or * to list all spells.
Casting: Flame Wave (safe; 1% risk of failure)
Press: ? - help, Dir - look around, f - activate You feel a surge of power!
A wave of flame ripples out!
The flame wave engulfs the frost giant!
The frost giant is severely wounded. (Press . to intensify the flame waves.)
The polar bear goes berserk!
You block the frost giant's attack.
A wave of flame ripples out!
The flame wave engulfs the frost giant!!
The frost giant is almost dead.
The flame wave engulfs the polar bear!
The polar bear is almost dead.
The frost giant barely misses you.
Unknown command.
Without enough magic to sustain them, the waves of flame dissipate.
You block the frost giant's attack.
You hit the frost giant.
Your weapon exudes an aura of protection.
The frost giant is almost dead.
The frost giant hits you but does no damage.
The frost giant hits you with a +1 battleaxe of freezing!!
* * * LOW HITPOINT WARNING * * *
The frost giant freezes you!
* * * LOW HITPOINT WARNING * * *
You feel better. The frost giant casts a spell at you.
The bolt of cold hits you!!!
Ouch! That really hurt!
You die...

#h# #.##
##.# ##.#
#h.# #h##
#h##
##C###
#@#.##
#....#
##.#.##
#.###.#
#..##.#
##.#..#
#..#.# #
###...≈##
##
#...#≈#≈#
##.


You could see a frost giant and 3 polar bears.

Vanquished Creatures
  Harold (D:9)
  A two-headed ogre (D:5)
  3 death yaks (IceCv)
  An ugly thing (IceCv)
  Joseph (D:8)
  An ice statue (IceCv)
  A cane toad (Lair:1)
  The ghost of qborf the Destroyer, a novice FeCj of Vehumet (D:8)
  A gargoyle (D:10)
  Psyche (D:9)
  2 kobold demonologists
  A troll (D:10)
  11 polar bears (IceCv)
  Prince Ribbit (D:6)
  A wraith (D:10)
  12 yaks
  A shadow (D:9)
  3 wyverns
  Grum (D:9)
  2 basilisks (D:10)
  Edmund (D:4)
  2 water moccasins
  6 orc warriors
  A sky beast (D:7)
  2 ice beasts
  2 black bears
  An ogre (D:5)
  A necrophage (D:4)
  20 wolves
  4 centaurs
  A phantom (D:4)
  2 kobold brigands
  2 gnoll sergeants (D:8)
  5 scorpions
  A water moccasin zombie (D:5)
  3 wights (D:10)
  4 howler monkeys
  4 centaur zombies
  2 bullfrog zombies (D:6)
  2 hounds (D:5)
  9 orc priests
  A jelly (D:4)
  Jessica (D:2)
  A centaur skeleton (D:5)
  2 gnoll shamans
  2 iguanas (D:6)
  Ijyb (D:5)
  10 orc wizards
  Natasha (thrice) (D:2)
  A hound zombie (D:5)
  2 hound skeletons
  A howler monkey skeleton (D:6)
  3 howler monkey zombies
  9 gnolls
  8 adders
  A shadow imp (D:7)
  12 white imps (Lair:1)
  A worm (D:2)
  7 dart slugs
  22 orcs
  8 endoplasms
  2 giant cockroaches
  10 goblins
  9 hobgoblins
  5 jackals (D:1)
  5 quokkas
  4 ball pythons
  5 bats
  2 frilled lizards
  15 kobolds
  7 rats
282 creatures vanquished.

Vanquished Creatures (collateral kills)
  24 foxfires
24 creatures vanquished.

Vanquished Creatures (others)
  An orc wizard (D:4)
  A bush (D:9)
  903 foxfires
  3 fungi (D:10)
  19 plants
927 creatures vanquished.

Grand Total: 1233 creatures vanquished

Notes
Turn   | Place    | Note
-------+----------+-------------------------------------------
     0 | D:1      | funkygono the Gargoyle Fire Elementalist began the quest
                  | for the Orb.
     0 | D:1      | Reached XP level 1. HP: 10/10 MP: 3/3
   149 | D:1      | Reached XP level 2. HP: 12/15 MP: 0/5
   494 | D:1      | Reached XP level 3. HP: 19/19 MP: 1/6
   497 | D:1      | Learned a level 2 spell: Scorch
   501 | D:1      | Learned a level 3 spell: Conjure Flame
   637 | D:1      | Found a faded altar of an unknown god.
  1065 | D:1      | You fall into a shaft and drop 1 floor!
  1070 | D:2      | Reached skill level 4 in Fire Magic
  1660 | D:2      | Noticed Jessica
  1666 | D:2      | Killed Jessica
  1667 | D:2      | Reached XP level 4. HP: 24/24 MP: 0/7
  2172 | D:2      | Found a glowing golden altar of the Shining One.
  2182 | D:2      | Found Xeutseb's Magic Scroll Boutique.
  2433 | D:2      | Noticed Natasha
  2437 | D:2      | Reached XP level 5. HP: 22/28 MP: 5/9
  2440 | D:2      | Killed Natasha
  2762 | D:2      | Noticed Natasha
  2767 | D:2      | Killed Natasha
  2895 | D:2      | Noticed Natasha
  2900 | D:2      | Killed Natasha
  3880 | D:3      | Learned a level 4 spell: Flame Wave
  3944 | D:4      | Reached skill level 5 in Fire Magic
  3944 | D:4      | Reached XP level 6. HP: 30/32 MP: 4/11
  4015 | D:4      | Found Peposas's Book Shop.
  4282 | D:4      | Found a radiant altar of Vehumet.
  4308 | D:4      | Noticed an orc warrior
  4433 | D:4      | Killed an orc warrior
  4434 | D:4      | Reached XP level 7. HP: 34/36 MP: 0/13
  4672 | D:4      | Became a worshipper of Vehumet
  4895 | D:4      | Reached skill level 5 in Spellcasting
  4968 | D:4      | Reached skill level 1 in Shields
  5137 | D:4      | Noticed Edmund
  5147 | D:4      | Killed Edmund
  5148 | D:4      | Reached skill level 6 in Fire Magic
  5619 | D:5      | Entered Level 5 of the Dungeon
  5667 | D:5      | Reached XP level 8. HP: 41/41 MP: 10/16
  5720 | D:5      | Noticed a two-headed ogre
  5732 | D:5      | Killed a two-headed ogre
  5733 | D:5      | Reached skill level 7 in Fire Magic
  6080 | D:5      | Noticed Ijyb
  6093 | D:5      | Killed Ijyb
  6153 | D:5      | Reached skill level 5 in Conjurations
  6153 | D:5      | Reached XP level 9. HP: 45/45 MP: 6/19
  6708 | D:5      | Found a staircase to the Ecumenical Temple.
  7157 | D:6      | Noticed Prince Ribbit
  7164 | D:6      | Killed Prince Ribbit
  7324 | D:6      | Reached skill level 8 in Fire Magic
  7531 | D:6      | Reached * piety under Vehumet
  7531 | D:6      | Offered knowledge of Shock by Vehumet.
  8025 | D:6      | Found a runed translucent gate.
  8025 | D:6      | Found a runed translucent gate.
  8025 | D:6      | Found a runed translucent gate.
  8025 | D:6      | Noticed t4s4d4r's ghost (novice OgHu)
  8028 | D:6      | Found a basalt altar of Yredelemnul.
  8252 | D:6      | Learned a level 1 spell: Shock
  8344 | D:7      | Reached skill level 1 in Maces & Flails
  8408 | D:7      | Reached XP level 10. HP: 51/51 MP: 2/22
  8780 | D:7      | Reached skill level 9 in Fire Magic
  9434 | D:8      | Offered knowledge of Searing Ray by Vehumet.
  9586 | D:8      | Identified the +6 spear "Acej" {elec, rPois rN++ rCorr}
  9586 | D:8      | Identified the +3 scale mail of Youthful Indiscretion
                  | {rElec}
  9618 | D:8      | Found a transporter.
  9659 | D:8      | Found a transporter.
  9771 | D:8      | Noticed Joseph
  9777 | D:8      | Killed Joseph
 10124 | D:8      | Found a sparkling altar of Nemelex Xobeh.
 10135 | D:8      | Reached ** piety under Vehumet
 10368 | D:8      | Identified the ring "Alufuth" {rN+ Dex+2}
 10382 | D:8      | Learned a level 2 spell: Searing Ray
 10386 | D:8      | Noticed qborf's ghost (novice FeCj)
 10473 | D:8      | Killed qborf's ghost
 10474 | D:8      | Reached skill level 1 in Armour
 10879 | D:9      | Noticed Psyche
 10883 | D:9      | Killed Psyche
 11254 | D:9      | Noticed Harold
 11265 | D:9      | Killed Harold
 11266 | D:9      | Reached skill level 10 in Spellcasting
 11266 | D:9      | Reached skill level 10 in Fire Magic
 11266 | D:9      | Reached XP level 11. HP: 55/55 MP: 12/25
 11726 | D:9      | Found a glowing silver altar of Zin.
 11727 | D:9      | Noticed an angel
 11824 | D:9      | Noticed Grum
 11834 | D:9      | Killed Grum
 12077 | D:10     | Entered Level 10 of the Dungeon
 12450 | D:10     | Offered knowledge of Mephitic Cloud by Vehumet.
 12455 | D:10     | Learned a level 3 spell: Mephitic Cloud
 12508 | D:10     | Found a staircase to the Lair.
 12522 | D:10     | Reached skill level 1 in Fighting
 13131 | D:10     | Reached skill level 11 in Fire Magic
 13545 | D:2      | Bought a scroll of enchant weapon for 90 gold pieces
 13803 | Lair:1   | Entered Level 1 of the Lair of Beasts
 13811 | Lair:1   | Found a frozen archway.
 13813 | Lair:1   | Reached *** piety under Vehumet
 13911 | IceCv    | Entered an ice cave
 14219 | IceCv    | Offered knowledge of Sticky Flame by Vehumet.
 14236 | IceCv    | Reached XP level 12. HP: 46/61 MP: 11/27
 14305 | IceCv    | Reached **** piety under Vehumet
 14317 | IceCv    | Learned a level 4 spell: Sticky Flame
 14504 | IceCv    | Noticed a death yak
 14504 | IceCv    | Noticed a death yak
 14525 | IceCv    | Killed a death yak
 14525 | IceCv    | Offered knowledge of Lightning Bolt by Vehumet.
 14526 | IceCv    | Reached skill level 12 in Fire Magic
 14526 | IceCv    | Killed a death yak
 14895 | IceCv    | Noticed a frost giant
 14895 | IceCv    | Noticed a death yak
 14925 | IceCv    | Killed a death yak
 14933 | IceCv    | Killed from afar by a frost giant

Illustrated notes

Levels and vault maps discovered:
D:1:      elethiomel_arrival_diamonds, layout_basic,
          chequers_ecumenical_altar_island
D:2:      minmay_spotlight, layout_loops_corners, basic_altar, serial_shops,
          shop_scrolls, uniq_jessica, uniq_natasha
D:3:      layout_loops_ring, minmay_fractal_squares_diagonal_5
D:4:      layout_basic, mainiacjoe_overflow_chevrons, serial_rivers,
          chequers_serial_rivers_micro_b, chequers_serial_rivers_small_3,
          chequers_serial_rivers_micro_e, chequers_serial_rivers_small_a,
          chequers_serial_rivers_room_b, chequers_serial_rivers_room_b,
          nicolae_inconvenience_store, kennysheep_pointless_box,
          kennysheep_generic_room_6, uniq_edmund
D:5:      kennysheep_six_static_rooms, layout_cave_pools,
          minmay_temple_entry_statues_pillars, st_stairs_13, uniq_ijyb
D:6:      layout_basic, nicolae_yredelemnul_ghost_church, uniq_prince_ribbit1
D:7:      layout_basic, serial_bayou_pond_c, grunt_ministairs_13
D:8:      layout_basic, overflow_temple_1_default,
          gammafunk_ghost_gnarly_gnolls, uniq_joseph
D:9:      layout_long_grid, zin_angel, chequers_serial_rivers_large_a,
          kb_lookout_dungeons_type, uniq_grum, uniq_psyche, uniq_harold
D:10:     layout_roguey, david_lair_generic
Lair:1:   layout_layer_cave, portal_ice_cave_entry_imps, special_room
          [special_room_bee], infiniplex_staircase_pool, serial_bayou_shore_b,
          grunt_megastairs_2
IceCv:    ice_cave_caverns_03

Skill      XL: |  1  2  3  4  5  6  7  8  9 10 11 12 |
---------------+-------------------------------------+-----
Fire Magic     | 4 5 6 7 8 10 11 12 | 12.3
Conjurations   | 2 3 5 6 7 8 9 |  9.4
Spellcasting   | 3 4 5 6 8 10 11 | 11.9
Shields        | 1 2 3 |  3.3
Dodging        | 2 3 |  3.1
Maces & Flails | 1 |  1.5
Armour         | 1 2 |  2.2
Fighting       | 1 |  1.4
Stealth        | |  2.1
Poison Magic   | |  0.1

Action                   |  1- 3 |  4- 6 |  7- 9 | 10-12 || total
-------------------------+-------+-------+-------+-------++-------
Melee: Unarmed           |     6 |       |       |       ||     6
       Club              |     8 |     6 |       |       ||    14
       Whip              |       |     2 |     8 |       ||    10
       Flail             |       |       |    10 |    53 ||    63
 Cast: Foxfire           |    56 |    98 |   172 |   225 ||   551
       Scorch            |     2 |    13 |    40 |    72 ||   127
       Conjure Flame     |       |       |     2 |     3 ||     5
       Flame Wave        |       |       |       |    29 ||    29
       Mephitic Cloud    |       |       |       |     2 ||     2
       Sticky Flame      |       |       |       |     2 ||     2
  Use: Scroll            |       |    11 |     6 |     7 ||    24
       Potion            |       |       |       |     2 ||     2
Armor: Robe              |     5 |     4 |    26 |    51 ||    86
       Leather armour    |       |       |       |    52 ||    52
Dodge: Dodged            |    11 |    11 |    29 |    82 ||   133
Block: Other             |       |     3 |    12 |    12 ||    27
       Reflection        |       |       |       |     6 ||     6
       Kite shield       |       |       |       |    93 ||    93

Table legend: (Time is in decaauts)
 A = Elapsed time spent in this place.
 B = Non-inter-level travel time spent in this place.
 C = Inter-level travel time spent in this place.
 D = Time resting spent in this place.
 E = Time spent auto-exploring this place.
 F = Levels seen in this place.
 G = Mean time per level.
                   A        B        C        D        E       F      G
               +--------+--------+--------+--------+--------+-----+--------+
         Total |  15025 |  14099 |    926 |   2153 |   9434 |  12 | 1252.1 |
       Dungeon |  13870 |  12944 |    926 |   1929 |   8806 |  10 | 1387.0 |
          Lair |    108 |    108 |      0 |     74 |      0 |   1 |  108.0 |
      Ice Cave |   1046 |   1046 |      0 |    150 |    627 |   1 | 1046.0 |
               +--------+--------+--------+--------+--------+-----+--------+

Top non-repeatable levels by time:
     D:4: 1721 daAuts
     D:6: 1633 daAuts
     D:2: 1631 daAuts
     D:8: 1456 daAuts
     D:1: 1431 daAuts
     D:9: 1424 daAuts
     D:5: 1245 daAuts
    D:10: 1179 daAuts
     D:7: 1099 daAuts
     D:3: 1049 daAuts
   IceCv: 1046 daAuts
  Lair:1: 108 daAuts
